 Dungeon Crawl Stone Soup version 0.31-a0-202-g547052bce9 (webtiles) character file.

Game seed: 12981911377709217207

58 lunkers the Twirler (level 4, -7/36 HPs)
             Began as a Meteoran Wanderer on June 26, 2023.
             Was an Initiate of Gozag.
             Mangled by a gnoll
             ... wielding a +0 flail
              (8 damage)
             ... on level 3 of the Dungeon.
             The game lasted 00:01:42 (1136 turns).

lunkers the Twirler (Meteoran Wanderer)             Turns: 1136, Time: 00:01:43

Health: -7/36      AC:  4    Str: 17    XL:     4   Next: 43%
Magic:  7/7        EV: 11    Int: 10    God:    Gozag
Gold:   242        SH:  0    Dex: 15    Spells: 4/5 levels left

rFire   . . .        a - +2 quarterstaff
rCold   . . .        (shield currently unavailable)
rNeg    . . .        d - +0 leather armour
rPois   .            (no helmet)
rElec   .            j - +0 cloak
rCorr   .            (no gloves)
SInv    .            (no boots)
Will    .....        (no amulet)
Stlth   +            (no ring)
HPRegen 0.26/turn    (no ring)
MPRegen 0.10/turn

%: no passive effects
@: gold aura, glowing
A: sense surroundings 1, otherworldly, glowing, explore regen
a: Renounce Religion, Potion Petition, Call Merchant, Bribe Branch


You were on level 3 of the Dungeon.
You worshipped Gozag.
Gozag was aware of your devotion.
You visited 1 branch of the dungeon, and saw 3 of its levels.

You collected 242 gold pieces.

Inventory:

Hand Weapons
 a - a +2 quarterstaff (weapon)
Armour
 d - a +0 leather armour (worn)
 j - a +0 cloak (worn)
Scrolls
 e - a scroll of silence {unknown}
 f - a scroll of butterflies {unknown}
 g - a scroll of torment {unknown}
 h - a scroll of amnesia {unknown}
 l - a scroll of identify {unknown}
Potions
 c - a potion of attraction
 i - 2 potions of haste {unknown}
 k - a potion of ambrosia {unknown}
Miscellaneous
 b - a piece from Xom's chessboard (15/15)


   Skills:
 - Level 2.1 Fighting
 + Level 5.0 Staves
 - Level 1.0 Stealth
 - Level 1.3 Spellcasting
 - Level 2.4 Poison Magic
 - Level 2.4 Evocations


You had 4 spell levels left.
You knew the following spells:

 Your Spells              Type           Power      Damage    Failure   Level
p - Sting                 Tmut/Pois      12%        1d3       26%         1

Your spell library contained the following spells:

 Spells                   Type           Power      Damage    Failure   Level
 Sandblast                Erth           0%         2d4       38%         1
 Cigotuvi's Dreadful Rot  Necr/Pois/Air  4%         N/A       41%         2
 Passwall                 Tmut/Erth      0%         N/A       52%         2
 Ignite Poison            Fire/Tmut/Pois 2%         N/A       65%         3
 Stone Arrow              Conj/Erth      0%         3d7       77%         3
 Dispel Undead            Necr           0%         3d6       99%         4
 Death Channel            Necr           0%         N/A       100%        6


Dungeon Overview and Level Annotations

Branches:
Dungeon (3/15) Zot: 654

Altars:
Gozag


Innate Abilities, Weirdness & Mutations

You passively map a small area around you.
You are easily found by Zot.
You glow in the dark.
You regain HP and MP as you explore.


Message History

You see here 4 gold pieces.
You sock the gnoll!
The gnoll is severely wounded.
The gnoll hits you but does no damage.
You sock the gnoll!
You kill the gnoll!
You have reached level 4!
You barely miss the gnoll. The gnoll hits you with a +0 club.
The gnoll is distracted by your dazzling golden aura.
You barely miss the gnoll.
The gnoll shouts!
The gnoll hits you with a +0 club!
You closely miss the gnoll. The gnoll hits you with a +0 club.
* * * LOW HITPOINT WARNING * * *
You closely miss the gnoll. The gnoll hits you with a +0 club.
* * * LOW HITPOINT WARNING * * *
You hit the gnoll.
The gnoll is moderately wounded.
The gnoll closely misses you.
You closely miss the gnoll.
The gnoll is moderately wounded.
The gnoll is no longer distracted by gold.
The gnoll hits you with a +0 club!
* * * LOW HITPOINT WARNING * * *
You thump the gnoll!
The gnoll is severely wounded.
The gnoll hits you with a +0 club.
* * * LOW HITPOINT WARNING * * *
You hit the gnoll.
You kill the gnoll!
Your Staves skill increases to level 5!
You completely miss the gnoll. The gnoll hits you with a +0 flail.
* * * LOW HITPOINT WARNING * * *
You closely miss the gnoll. The gnoll hits you with a +0 flail.
* * * LOW HITPOINT WARNING * * *
You hit the gnoll.
The gnoll is heavily wounded.
The gnoll hits you with a +0 flail!
You die...
Your body crumbles into a pile of gold.

#........#
#..PPP....#
#..PP..PP.#
########.PPP...P.###
*
.........P..........
**###..P.....P.... ,*
#....PP...P.....
#.####.##..P.........
#(..@g.###ggg...P....
#....####
####.<...... ##.#.
#.....!.. #.,#.
#........ # #.
######### #. *,#.* **
*** ** #., , , , * **
** * *


You could see a gnoll.

Vanquished Creatures
  2 gnolls (D:3)
  A worm (D:2)
  3 ball pythons
  4 bats
  3 endoplasms
  3 giant cockroaches
  2 goblins
  2 hobgoblins
  4 quokkas (D:1)
  A frilled lizard (D:1)
  5 kobolds
  3 rats
33 creatures vanquished.

Notes
Turn   | Place    | Note
-------+----------+-------------------------------------------
     0 | D:1      | lunkers the Meteoran Wanderer began the quest for the Orb.
     0 | D:1      | lunkers set off with the following items: a +2
                  | quarterstaff, a piece from Xom's chessboard (15/15), a
                  | potion of attraction, a +0 leather armour; and the
                  | following spell memorised: Sting; and the following spells
                  | available to memorise: Ignite Poison.
     0 | D:1      | Reached XP level 1. HP: 17/17 MP: 3/3
    32 | D:1      | Reached skill level 3 in Staves
    32 | D:1      | Reached XP level 2. HP: 24/24 MP: 5/5
   390 | D:1      | Reached XP level 3. HP: 29/29 MP: 6/6
   415 | D:1      | Reached skill level 4 in Staves
   419 | D:1      | Found a faded altar of an unknown god.
   426 | D:1      | Prayed at the altar of an unknown god.
   426 | D:1      | Became a worshipper of Gozag Ym Sagoz the Greedy
   495 | D:1      | Glimpsed the power of Zot.
  1092 | D:2      | Glimpsed the power of Zot.
  1126 | D:3      | Reached XP level 4. HP: 36/36 MP: 7/7
  1134 | D:3      | Reached skill level 5 in Staves
  1135 | D:3      | HP: 1/36 [gnoll/+0 flail (4)]
  1136 | D:3      | Mangled by a gnoll

Illustrated notes

Levels and vault maps discovered:
D:1:      minmay_arrival_five_plusses, layout_loops_ring,
          dreamdust_ecumenical_altar_angels_and_demons,
          grunt_decor_mini_mirrors, minmay_gold_behind_fungi
D:2:      layout_basic
D:3:      minmay_octagon_keep, layout_basic, lemuel_tele_altar,
          nicolae_grassy_gnolls

Skill      XL: |  1  2  3  4 |
---------------+-------------+-----
Staves         | 3 4 5 |  5.0
Fighting       | |  2.1
Stealth        | |  1.0
Spellcasting   | |  1.3
Poison Magic   | |  2.4
Evocations     | |  2.4

Action                     |  1- 3 |  4- 6 || total
---------------------------+-------+-------++-------
  Melee: Quarterstaff      |    75 |    11 ||    86
 Armour: Leather armour    |    27 |       ||    27
  Dodge: Dodged            |    21 |     1 ||    22

Table legend: (Time is in decaauts)
 A = Elapsed time spent in this place.
 B = Non-inter-level travel time spent in this place.
 C = Inter-level travel time spent in this place.
 D = Time resting spent in this place.
 E = Time spent auto-exploring this place.
 F = Levels seen in this place.
 G = Mean time per level.
                   A        B        C        D        E       F      G
               +--------+--------+--------+--------+--------+-----+--------+
         Total |   1144 |   1063 |     81 |      0 |    840 |   3 |  381.3 |
       Dungeon |   1144 |   1063 |     81 |      0 |    840 |   3 |  381.3 |
               +--------+--------+--------+--------+--------+-----+--------+

Top non-repeatable levels by time:
     D:2: 587 daAuts
     D:1: 530 daAuts
     D:3: 26 daAuts
